 Dungeon Crawl Stone Soup version 0.26.1-2-gb8aa6d0cf2 (webtiles) character file.

Game seed: 13204248057074330183

6849 nightchill the Grappler (level 11, -4/97 HPs)
             Began as a Ghoul Gladiator on Mar 18, 2021.
             Was a High Priest of Cheibriados.
             Slain by a troll (8 damage)
             ... on level 10 of the Dungeon.
             The game lasted 00:20:51 (9558 turns).

nightchill the Grappler (Ghoul Gladiator)           Turns: 9558, Time: 00:20:52

Health: -4/97      AC: 14    Str: 34    XL:     11   Next: 6%
Magic:  21/26      EV: 12    Int: 20    God:    Cheibriados [*****.]
Gold:   574        SH:  4    Dex: 18    Spells: 7/10 levels left

rFire    . . .     SeeInvis .     - Unarmed
rCold    + . .     Faith    .   v - +0 buckler
rNeg     + + +     Spirit   .   j - +0 ring mail "Goati" {Will+++ Dex-4 Slay+3 Stlth-} (curse)
rPois    ∞         Reflect  .   G - +3 hat of Pondering {ponderous, Will+ MP+10 Int+5}
rElec    .         Harm     .   (no cloak)
rCorr    .         Rampage  .   s - +0 pair of gloves
Will     +++++                  a - +0 pair of boots
Stlth    ..........             q - amulet of magic regeneration
HPRegen  0.00/turn              m - +4 ring of protection
MPRegen  0.45/turn              f - ring of willpower

@: studying Maces & Flails, very slow
A: claws 1, cold resistance 1, negative energy resistance 3, inhibited
regeneration, torment resistance, unbreathing
a: Renounce Religion, Bend Time, Temporal Distortion, Slouch, Step From Time


You were on level 10 of the Dungeon.
You worshipped Cheibriados.
Cheibriados was extremely pleased with you.
You visited 1 branch of the dungeon, and saw 10 of its levels.

You collected 574 gold pieces.

Inventory:

Missiles
 c - 2 throwing nets (quivered)
Armour
 a - a +0 pair of boots (worn)
 b - a +1 helmet
 j - the cursed +0 ring mail "Goati" (worn) {Will+++ Dex-4 Slay+3 Stlth-}
   (You found it on level 6 of the Dungeon)

   It affects your dexterity (-4).
   It affects your accuracy and damage with ranged weapons and melee attacks
   (+3).
   It affects your willpower, your defense against some magical effects.
   It makes you less stealthy.
   It has a curse placed upon it.
 n - a +0 ring mail
 s - a +0 pair of gloves (worn)
 v - a +0 buckler (worn)
 E - the +3 leather armour "Quoliq" {Rampage, unknown}
   (You found it on level 7 of the Dungeon)

   It bestows one free step when moving towards enemies.
   Cheibriados disapproves of the use of such an item.
 G - the +3 hat of Pondering (worn) {ponderous, Will+ MP+10 Int+5}
   (You took it off Gastronok on level 8 of the Dungeon)

   It affects your intelligence (+5).
   It affects your willpower, your defense against some magical effects.
   It affects your magic capacity (+10).
Jewellery
 f - a ring of willpower (right hand)
 m - a +4 ring of protection (left hand)
 q - an amulet of magic regeneration (around neck)
 z - an uncursed ring of fire
 J - an uncursed ring of protection from cold {unknown}
 K - an uncursed ring of protection from cold {unknown}
Wands
 r - a wand of paralysis (23)
 w - a wand of flame (11)
 x - a wand of acid (7)
 I - a wand of polymorph (6)
Scrolls
 d - a scroll of enchant armour
 e - 3 scrolls of magic mapping {unknown}
 h - a scroll of enchant weapon {unknown}
 i - a scroll of fear
 k - 4 scrolls of amnesia {unknown}
 l - 10 scrolls of teleportation
 o - 2 scrolls of immolation
 p - 3 scrolls of noise {unknown}
 y - 3 scrolls of remove curse
 A - a scroll of random uselessness {unknown}
 H - 4 scrolls of identify
 M - a scroll of torment {unknown}
Potions
 g - 6 potions of curing
 t - a potion of ambrosia
 u - 2 potions of brilliance
 B - 2 potions of degeneration
 D - 3 potions of heal wounds
 F - a potion of might
 L - a potion of cancellation
Books
 C - a manual of Maces & Flails


   Skills:
 + Level 9.1 Fighting
 - Level 1.7 Throwing
 - Level 2.6 Dodging
 * Level 12.6 Unarmed Combat
 + Level 3.5 Hexes
 + Level 8.2 Invocations


You had 7 spell levels left.
You knew the following spells:

 Your Spells              Type           Power        Failure   Level
a - Confusing Touch       Hex            14%          32%         3

Your spell library contained the following spells:

 Spells                   Type           Power        Failure   Level
 Corona                   Hex            15%          11%         1
 Slow                     Hex            14%          16%         2
 Ensorcelled Hibernation  Hex/Ice        14%          32%         2
 Tukima's Dance           Hex            14%          32%         3
 Animate Skeleton         Necr           0%           41%         1
 Apportation              Tloc           0%           41%         1
 Summon Small Mammal      Summ           0%           41%         1
 Dazzling Flash           Conj/Hex       14%          54%         3
 Inner Flame              Hex/Fire       7%           54%         3
 Portal Projectile        Hex/Tloc       14%          54%         3
 Cause Fear               Hex            7%           71%         4
 Leda's Liquefaction      Hex/Erth       3%           91%         4


Dungeon Overview and Level Annotations

Branches:
Dungeon (10/15)            Temple (0/1) D:6             Orc (0/2) D:9
   Lair: D:8-11

Altars:
Cheibriados
Dithmenos
Fedhas
Gozag
Kikubaaqudgha
Nemelex Xobeh
Okawaru
Qazlal
Trog
Uskayaw
The Shining One

Annotations:
D:2 1 runed translucent door, 6 exclusions, Crazy Yiuf
D:9 2 runed translucent doors, sixsigma's ghost, novice GnCj


Innate Abilities, Weirdness & Mutations

You thrive by killing the living.
You are immune to poison.
You have sharp fingernails.
Your flesh is cold resistant. (rC+)
You are immune to negative energy. (rN+++)
You do not regenerate when monsters are visible.
You are immune to unholy pain and torment.
You can survive without breathing.


Message History

* * * LOW HITPOINT WARNING * * *
You block the troll's attack. The troll bites you.
* * * LOW HITPOINT WARNING * * *
The troll claws you.
* * * LOW HITPOINT WARNING * * *
The troll claws you.
* * * LOW HITPOINT WARNING * * *
You can feel time thicken for a moment.
You destroy the wight!
Cheibriados appreciates the change of pace.
Cheibriados lowers the support of your attributes as your movement quickens.
The troll closely misses you. The troll barely misses you. The troll claws you.
* * * LOW HITPOINT WARNING * * *
You hit the troll.
The troll is severely wounded.
The troll bites you!
* * * LOW HITPOINT WARNING * * *
The troll closely misses you. The troll claws you!
You die...

#.##.. ##.. #..#.. .# ...#
##..... ...##[.#..
...#..#####......####.##
##.##.).............##).
#...##...##..........#)#
##.....)####............. .
###....##T###..............
...#.....####@##..............
#...##.# #..#.....>........
#....)## #................#
#.####.# ##...............## #
#†###...#.............#
.####..#...#(..........#...
.............................
#............#........#.##...
...######..####.........# ..#


You could see a troll.

Vanquished Creatures
  Gastronok (D:8)
  Pikel (D:7)
  A manticore (D:7)
  Joseph (D:9)
  Maggie (D:7)
  A troll (D:9)
  Prince Ribbit (D:7)
  A hornet (D:7)
  An ice beast (D:9)
  A sky beast (D:7)
  An orc warrior (D:8)
  5 ogres
  A phantom (D:9)
  A necrophage (D:10)
  3 centaurs
  A gnoll sergeant (D:7)
  6 bullfrogs
  2 scorpions
  An electric eel (D:6)
  10 wights
  A howler monkey (D:7)
  2 bullfrog zombies
  8 orc priests
  A quasit (D:7)
  A centaur skeleton (D:9)
  2 jellies (D:7)
  A hound (D:7)
  4 worker ants
  Natasha (thrice) (D:2)
  10 orc wizards
  A worker ant zombie (D:8)
  9 gnolls
  10 adders
  3 shadow imps
  5 ufetubi
  An ooze (D:3)
  An adder skeleton (D:5)
  An adder zombie (D:5)
  3 worms
  A dart slug (D:1)
  4 leopard geckos
  38 orcs
  2 bats
  A bat zombie (D:5)
  4 giant cockroaches
  11 hobgoblins
  4 jackals
  3 quokkas
  A ball python zombie (D:6)
  4 frilled lizards
  6 goblins
  4 kobolds
  A leopard gecko skeleton (D:6)
  A leopard gecko zombie (D:5)
  A quokka zombie (D:7)
  7 rats
  2 rat zombies (D:5)
203 creatures vanquished.

Vanquished Creatures (others)
  An orc wizard (D:4)
  An orc (D:4)
  2 plants (D:8)
4 creatures vanquished.

Grand Total: 207 creatures vanquished

Notes
Turn   | Place    | Note
-------+----------+-------------------------------------------
     0 | D:1      | nightchill the Ghoul Gladiator began the quest for the Orb.
     0 | D:1      | Reached XP level 1. HP: 17/17 MP: 0/0
   303 | D:1      | Reached XP level 2. HP: 25/25 MP: 1/1
   436 | D:1      | Reached skill level 4 in Unarmed Combat
   477 | D:2      | Reached XP level 3. HP: 27/30 MP: 2/2
   560 | D:2      | Found a snail-covered altar of Cheibriados.
   583 | D:2      | Became a worshipper of Cheibriados the Contemplative
   602 | D:2      | Noticed Natasha
   624 | D:2      | Killed Natasha
   884 | D:2      | Reached XP level 4. HP: 38/38 MP: 3/3
  1003 | D:2      | Found a runed translucent door.
  1004 | D:2      | Noticed Crazy Yiuf
  1145 | D:2      | Reached skill level 5 in Unarmed Combat
  1255 | D:2      | Noticed Natasha
  1262 | D:2      | Killed Natasha
  1263 | D:2      | Reached XP level 5. HP: 36/45 MP: 4/4
  1367 | D:2      | Found an iron altar of Okawaru.
  1408 | D:2      | Found an opulent altar of Gozag.
  1489 | D:2      | Noticed Natasha
  1499 | D:2      | Killed Natasha
  1540 | D:2      | Found a stormy altar of Qazlal.
  1775 | D:3      | Reached * piety under Cheibriados
  1947 | D:3      | Found a glowing golden altar of the Shining One.
  2002 | D:3      | Reached skill level 6 in Unarmed Combat
  2002 | D:3      | Reached skill level 1 in Invocations
  2011 | D:3      | Reached XP level 6. HP: 52/52 MP: 5/5
  2052 | D:3      | Found a stormy altar of Qazlal.
  2326 | D:3      | Found a shadowy altar of Dithmenos.
  2371 | D:3      | Reached ** piety under Cheibriados
  2680 | D:4      | Found a bloodstained altar of Trog.
  3405 | D:5      | Entered Level 5 of the Dungeon
  3507 | D:5      | Reached XP level 7. HP: 55/60 MP: 7/7
  3643 | D:5      | Reached skill level 7 in Unarmed Combat
  3893 | D:5      | Reached *** piety under Cheibriados
  3985 | D:5      | Reached skill level 5 in Fighting
  4252 | D:5      | Found an ancient bone altar of Kikubaaqudgha.
  4273 | D:6      | Found a hide-covered altar of Uskayaw.
  4349 | D:6      | Found a staircase to the Ecumenical Temple.
  4594 | D:6      | Reached XP level 8. HP: 67/69 MP: 9/9
  4723 | D:6      | Reached skill level 8 in Unarmed Combat
  5667 | D:6      | Got a distressingly furry ring mail
  5668 | D:6      | Identified the cursed +0 ring mail "Goati" {Will+++ Dex-4
                  | Slay+3 Stlth-} (You found it on level 6 of the Dungeon)
  5816 | D:7      | Noticed a manticore
  5909 | D:7      | HP: 1/70 [manticore (15)]
  5914 | D:7      | Killed a manticore
  5915 | D:7      | Reached skill level 9 in Unarmed Combat
  6269 | D:7      | Found a shadowy altar of Dithmenos.
  6271 | D:7      | Noticed Prince Ribbit
  6283 | D:7      | Killed Prince Ribbit
  6284 | D:7      | Reached skill level 5 in Invocations
  6284 | D:7      | Reached XP level 9. HP: 55/78 MP: 11/11
  6406 | D:7      | Reached **** piety under Cheibriados
  6412 | D:7      | Got a shimmering leather armour
  6585 | D:7      | Reached skill level 10 in Unarmed Combat
  6852 | D:7      | Noticed Maggie
  6852 | D:7      | Noticed Pikel
  6865 | D:7      | Killed Pikel
  6869 | D:7      | Killed Maggie
  7002 | D:7      | Learned a level 3 spell: Confusing Touch
  7125 | D:7      | Found a sparkling altar of Nemelex Xobeh.
  7388 | D:7      | Reached skill level 11 in Unarmed Combat
  7389 | D:8      | Noticed a hornet
  7409 | D:7      | Killed a hornet
  7410 | D:7      | Reached skill level 1 in Hexes
  7410 | D:7      | Reached XP level 10. HP: 55/88 MP: 8/14
  7615 | D:8      | Noticed Gastronok
  7630 | D:8      | Killed Gastronok
  7631 | D:8      | Reached skill level 12 in Unarmed Combat
  7833 | D:8      | Identified the cursed +3 war axe of Wirghozxa {vorpal,
                  | rElec rF+ Dex+3}
  7898 | D:8      | Found a blossoming altar of Fedhas.
  8183 | D:9      | Found a snail-covered altar of Cheibriados.
  8201 | D:9      | Found a large runed translucent door.
  8201 | D:9      | Found a large runed translucent door.
  8205 | D:9      | Noticed sixsigma's ghost (novice GnCj)
  8273 | D:9      | Found a shimmering altar of Xom.
  8273 | D:9      | Found a shimmering altar of Xom.
  8273 | D:9      | Found a shimmering altar of Xom.
  8274 | D:9      | Found a shimmering altar of Xom.
  8274 | D:9      | Found a shimmering altar of Xom.
  8275 | D:9      | Found a shimmering altar of Xom.
  8392 | D:9      | Found a staircase to the Orcish Mines.
  8430 | D:9      | Reached ***** piety under Cheibriados
  8579 | D:9      | Noticed Joseph
  8592 | D:9      | Killed Joseph
  9365 | D:10     | Entered Level 10 of the Dungeon
  9419 | D:10     | Reached XP level 11. HP: 97/97 MP: 16/16
  9558 | D:10     | HP: 4/97 [troll (8)]
  9558 | D:10     | Slain by a troll

Illustrated notes

Levels and vault maps discovered:
D:1:      beargit_arrival_greenhouse, layout_basic
D:2:      layout_loops_ring, grunt_gozag_breadcrumbs,
          lemuel_coloured_pillars_altar, kennysheep_okawaru_gauntlet,
          cheibriados_altar_1, uniq_crazy_yiuf_cottage, uniq_natasha
D:3:      layout_basic, tso_metal_star, marbit_many_paths,
          nicolae_qazlal_eye_of_the_storm
D:4:      layout_gridville, trog_book
D:5:      layout_gridville, lemuel_zombie_altar_kikubaaqudgha,
          grunt_ministairs_1, minmay_checkerbox
D:6:      layout_gridville, minmay_temple_entry_proselytizer, basic_altar,
          nicolae_lava_and_water, columned_hall_lemuel,
          minmay_manual_mandibuliform
D:7:      layout_loops_corners, nicolae_overflow_hidden_temple,
          lemuel_tele_altar, uniq_prince_ribbit1, uniq_maggie, uniq_pikel
D:8:      layout_cave_pools, fedhas_ov_isle_minmay, uniq_gastronok
D:9:      layout_basic, orc_0_dummy, basic_altar, ebering_ghost_disaster_area,
          xom_shifter_show, uniq_joseph
D:10:     layout_layer_cave, ebering_ghost_gozag, elyvilon_altar_4, uniq_fannar

Skill      XL: |  1  2  3  4  5  6  7  8  9 10 |
---------------+-------------------------------+-----
Unarmed Combat | 4 5 6 7 9 11 12 | 12.6
Fighting       | 3 4 5 6 8 9 |  9.1
Invocations    | 1 2 3 5 6 8 |  8.2
Hexes          | 1 3 |  3.5
Throwing       | |  1.7
Dodging        | |  2.6

Action                   |  1- 3 |  4- 6 |  7- 9 | 10-12 || total
-------------------------+-------+-------+-------+-------++-------
Melee: Unarmed           |    66 |   177 |   219 |   148 ||   610
       Punch             |       |     3 |       |       ||     3
Throw: Throwing net      |       |       |     1 |     2 ||     3
Invok: Slouch            |       |       |     1 |     1 ||     2
Evoke: Wand              |       |       |     4 |       ||     4
  Use: Scroll            |       |     9 |     4 |     3 ||    16
 Stab: Held in net/web   |       |       |     3 |     5 ||     8
Armor: Ring mail         |    25 |    53 |    64 |    56 ||   198
Dodge: Dodged            |    33 |    89 |   101 |    77 ||   300
Block: Buckler           |       |     4 |    35 |    16 ||    55
